Unix NetHack Version 5.0.0-0 post-release - last build May 10 2026 23:12:36 (d1fa5d53e341ca933230fdaa984d921c805b60aa,branch:main).

Game began 2026-05-13 22:12:28, ended 2026-05-13 22:21:58.

BeardyHaddock, neutral male gnomish Archeologist

                                                          ----------
                                           ---------      .........|
                                           |.......|#     |........|
                                           |.......|#     |......`.|
                        ---------          |.......|#     |....@...|
                        |(.......##########........-##    |.....i..|
                        |.......|          |.......| #    -----|----
                        |.......|          ---.----- #   ###   #
                        +.<.....|                    #######   ######
                        ---------                    ###   #        #
                                                           #        #
                                                          #####     ##
                                                           ###   -.--.---
                                             --------------# #`  |......|
                                             ..............###   |>.....|
                                             |............|# #   |......|
                                             |.............  ####|......|
                                             |............|     #-......|
                                             --------------      --------

BeardyHaddock the Field Worker  St:16 Dx:8 Co:13 In:16 Wi:14 Ch:8  Neutral
Dlvl:3  $:33 HP:0(26) Pw:7(7) AC:9  Xp:3 T:1729  Satiated Burdened

Latest messages:
 You stop digging.
 You kill the grid bug!
 You start digging.
 You hit the rock with all your might.
 You make an opening in the wall.
 You swap places with your gold golem.
 You hear some noises in the distance.
 You see here a food ration.
 You learn more about your items by comparing them.
 You have a little trouble lifting d - an uncursed food ration (8 in total).
 You hit the acid blob.
 You knock the acid blob backward with a powerful blow!
 You are splashed by its acid!
 You kill the acid blob!
 The door resists!
 The door opens.
 The homunculus hurls a brilliant blue potion!
 The vial crashes on your head and breaks into shards.
 The brilliant blue potion evaporates.
 It suddenly gets dark.
 You try to feel what is lying here on the floor.
 You feel here 5 gold pieces.
 It bites!
 You are put to sleep!
 It bites!
 It bites!
 It bites!
 The homunculus bites!
 The homunculus bites!
 You wake up.
 You hit the homunculus!
 The homunculus bites!
 You miss the homunculus.
 The homunculus bites!
 You hit the homunculus.
 You hit the homunculus.
 The homunculus bites!
 You are put to sleep by the homunculus!
 The homunculus bites!
 The combat suddenly awakens you.
 You hit the homunculus.
 The homunculus bites!
 You are put to sleep by the homunculus!
 The homunculus bites!
 You die...
 Do you want your possessions identified? [ynq] (y) n
 Do you want to see your attributes? [ynq] (y) n
 Do you want an account of creatures vanquished? [ynaq] (y) n
 Do you want to see your conduct and achievements? [ynq] (y) n
 Do you want to see the dungeon overview? [ynq] (y) n

Inventory:
 Coins    ('$')
  $ - 33 gold pieces
 Weapons  (')')
  A - a +0 elven dagger
  a - a +2 bullwhip (alternate weapon; not wielded)
 Armor    ('[')
  c - an uncursed +0 fedora (being worn)
  b - an uncursed +0 leather jacket (being worn)
  y - an uncursed +0 studded leather armor
 Comestibles  ('%')
  d - 8 uncursed food rations
  u - an uncursed tin of sauteed lichen
 Scrolls  ('?')
  o - an uncursed scroll of create monster
  C - an uncursed scroll of enchant armor
  m - an uncursed scroll of punishment
  B - a cursed scroll of scare monster
 Spellbooks  ('+')
  x - an uncursed spellbook of healing
  w - a cursed spellbook of wizard lock
 Rings    ('=')
  v - an uncursed ring of hunger
  t - a cursed -2 ring of protection
  s - an uncursed ring of shock resistance
 Wands    ('/')
  p - a wand of light (0:11)
  l - a wand of opening (0:6)
  q - a wand of polymorph (0:6)
 Tools    ('(')
  h - an empty uncursed sack
  e - a +0 pick-axe (weapon in right hand)
  f - a tinning kit (0:44)
 Gems/Stones  ('*')
  D - 2 uncursed worthless pieces of yellow glass
  g - an uncursed touchstone

BeardyHaddock the Archeologist's attributes:

Background:
 You were a Field Worker, a level 3 male gnomish Archeologist.
 You were neutral, nominally on a mission for Camaxtli
 who was opposed by Quetzalcoatl (lawful) and Huhetotl (chaotic).
 You were right-handed.
 You were in the Dungeons of Doom, on level 3.
 You entered the dungeon 1729 turns ago.
 It was nighttime.
 You had 77 experience points, 3 more were needed to attain level 4.

Basics:
 You had 0 out of 26 hit points.
 You had all 7 energy points (spell power).
 Your armor class was 9.
 Your wallet contained 33 zorkmids.
 Autopickup was off.

Final Characteristics:
 Your strength was 16 (limit:18/50).
 Your dexterity was 8 (limit:18).
 Your constitution was 13 (limit:18).
 Your intelligence was 16 (limit:19).
 Your wisdom was 14 (peak:15, limit:18).
 Your charisma was 8 (limit:18).

Final Status:
 You were satiated.
 You were burdened; movement was slightly slowed.
 You were wielding a pick-axe.
 You had basic skill with pick-axe.

Final Attributes:
 You were devoutly aligned.
 You had automatic searching.
 You had infravision.
 You were fast.
 You were lucky.
 You are dead.

Miscellaneous:
 You didn't encounter any bones levels.
 Total elapsed playing time was 9 minutes and 30 seconds.

Major events:
 Turn
    1: BeardyHaddock the neutral male gnomish Archeologist entered the dungeon
  548: attained the rank of Field Worker (level 3)
 1729: killed by a homunculus, while sleeping

Spells:
 Name                 Level Category     Fail Retention
 healing                1   healing        0%  76%-100%

Skills:
 Fighting Skills
   bare handed combat [Unskilled]
   two weapon combat  [Unskilled]
   riding             [Unskilled]
 Weapon Skills
   dagger             [Unskilled]
   knife              [Unskilled]
   pick-axe           [Basic]
   short sword        [Unskilled]
   saber              [Unskilled]
   club               [Unskilled]
   quarterstaff       [Unskilled]
   sling              [Unskilled]
   dart               [Unskilled]
   boomerang          [Unskilled]
   whip               [Basic]
   unicorn horn       [Unskilled]
 Spellcasting Skills
   attack spells      [Unskilled]
   healing spells     [Unskilled]
   divination spells  [Unskilled]
   matter spells      [Unskilled]

Voluntary challenges:
 Character rerolling was not enabled.
 You were an atheist.
 You never genocided any monsters.
 You never polymorphed an object.
 You never changed form.
 You used no wishes.
Achievement:
 You attained the rank of Field Worker.

 The Dungeons of Doom: levels 1 to 3
    Level 1:
       Some fountains, a grave.
    Level 2:
       A fountain.
    Level 3: <- You were here.
       Final resting place for
          you, killed by a homunculus, while sleeping.


Vanquished creatures:
  a dwarf zombie
  4 acid blobs
  2 coyotes
  a gas spore
  a hobbit
  2 giant rats
  a green mold
  a red mold
  a gnome zombie
  2 geckos
  5 jackals
  2 foxes
  a goblin
  a sewer rat
  7 grid bugs
  a bat
  4 lichens
  a newt
38 creatures vanquished.

No species were genocided or became extinct.

Game over:
                       ----------
                      /          \
                     /    REST    \
                    /      IN      \
                   /     PEACE      \
                  /                  \
                  |  BeardyHaddock   |
                  |      33 Au       |
                  |   killed by a    |
                  |    homunculus    |
                  |                  |
                  |                  |
                  |       2026       |
                 *|     *  *  *      | *
        _________)/\\_//(\/(/\)/\//\/|_)_______

Goodbye BeardyHaddock the Archeologist...

You died in The Dungeons of Doom on dungeon level 3 with 434 points,
and 33 pieces of gold, after 1729 moves.
You were level 3 with a maximum of 26 hit points when you died.

